 Dungeon Crawl Stone Soup version 0.28.0-47-ge53b351184 (webtiles) character file.

Game seed: 14427221403282987665

466 Cak3Hol3 the Chopper (level 6, 0/53 HPs)
             Began as a Draconian Cinder Acolyte on May 4, 2022.
             Was a Follower of Ignis.
             Slain by a gnoll sergeant
             ... wielding a +1 spear of venom
              (4 damage)
             ... on level 5 of the Dungeon.
             The game lasted 00:16:27 (3617 turns).

Cak3Hol3 the Chopper (Draconian Cinder Acolyte)     Turns: 3617, Time: 00:16:28

Health: 0/53       AC: 16    Str: 17    XL:     6   Next: 81%
Magic:  7/7        EV: 12    Int: 14    God:    Ignis [*.....]
Gold:   254        SH:  0    Dex:  8    Spells: 5/7 levels left

rFire   + . .      SeeInvis .   r - +1 hand axe (flame)
rCold   . . .      Faith    .   (no shield)
rNeg    . . .      Spirit   .   (armour unavailable)
rPois   .          Reflect  .   (helmet restricted)
rElec   .          Harm     .   j - +2 cloak
rCorr   .          Rampage  .   (no gloves)
Will    .....                   (no boots)
Stlth   +.........              (no amulet)
HPRegen 0.17/turn               (no ring)
MPRegen 0.10/turn               (no ring)

@: lethally poisoned (0 -> -13), rising, fiery-armoured, flying
A: AC +6, unfitting armour, cold-blooded
a: Renounce Religion, Fiery Armour, Foxfire Swarm


You were on level 5 of the Dungeon.
You worshipped Ignis.
Ignis was aware of your devotion.
You visited 1 branch of the dungeon, and saw 5 of its levels.

You collected 254 gold pieces.

Inventory:

Hand Weapons
 a - a -1 hand axe of flaming
 i - a +2 quarterstaff of chaos
 p - a +0 war axe
 q - a +0 hand axe of electrocution
 r - a +1 hand axe of flaming (weapon)
Armour
 b - a +0 helmet
 c - a +0 leather armour
 j - a +2 cloak (worn)
Magical Staves
 s - a staff of poison
Wands
 e - a wand of flame (16)
 u - a wand of iceblast (11)
Scrolls
 f - 2 scrolls of vulnerability {unknown}
 g - a scroll of noise {unknown}
 h - 2 scrolls of blinking {unknown}
 n - a scroll of identify {unknown}
 o - 2 scrolls of enchant weapon {unknown}
 v - 4 scrolls of summoning {unknown}
Potions
 d - 4 potions of curing {unknown}
 k - a potion of flight {unknown}
 l - a potion of haste {unknown}
 t - a potion of mutation {unknown}
 w - a potion of degeneration {unknown}


   Skills:
 + Level 4.7 Fighting
 + Level 5.8 Axes
 + Level 2.5 Dodging
 + Level 1.5 Stealth
 + Level 1.0 Spellcasting
 + Level 3.4 Fire Magic


You had 5 spell levels left.
You knew the following spells:

 Your Spells              Type           Power      Damage    Failure   Level
a - Scorch                Fire           20%        2d6       10%         2

Your spell library contained the following spells:

 Spells                   Type           Power      Damage    Failure   Level
 Animate Skeleton         Necr           0%         N/A       26%         1
 Pain                     Necr           0%         1d4       26%         1
 Vampiric Draining        Necr           0%         2d6       61%         3


Dungeon Overview and Level Annotations

Branches:
Dungeon (5/15)             Temple (0/1) D:5

Altars:
Beogh

Shops:
D:1 [   D:3 (

Annotations:
D:5 Prince Ribbit


Innate Abilities, Weirdness & Mutations

Your plain brown scales are hard. (AC +6)
You cannot fit into any form of body armour.
You are cold-blooded and may be slowed by cold attacks.


Message History

You feel very sick.
A gnoll comes into view. It is wielding a +0 halberd.
The gnoll sergeant hits you but does no damage.
The gnoll sergeant is burned by your cloak of flames.
The gnoll sergeant is severely wounded.
Prince Ribbit blinks!
You hit the gnoll sergeant. You burn the gnoll sergeant.
The gnoll sergeant is almost dead.
You feel very sick.
Prince Ribbit blinks!
The gnoll sergeant hits you with a +1 spear of venom.
You are lethally poisoned!
You closely miss the gnoll sergeant.
The gnoll sergeant is almost dead.
* * * LOW HITPOINT WARNING * * *
You feel very sick. The gnoll sergeant closely misses you.
Prince Ribbit hits you but does no damage.
Prince Ribbit is burned by your cloak of flames.
Prince Ribbit is lightly wounded.
You closely miss Prince Ribbit.
Your tail-slap misses Prince Ribbit.
Prince Ribbit is lightly wounded.
You hit the gnoll sergeant but do no damage.
* * * LOW HITPOINT WARNING * * *
You feel very sick. The gnoll sergeant misses you.
Prince Ribbit hits you but does no damage.
Prince Ribbit is burned by your cloak of flames.
Prince Ribbit is moderately wounded.
Okay, then.
You begin to rise into the air.
* * * LOW HITPOINT WARNING * * *
You feel very sick.
Prince Ribbit asks, "Just a little smooch?"
Prince Ribbit hits you.
* * * LOW HITPOINT WARNING * * *
Prince Ribbit is burned by your cloak of flames.
Prince Ribbit is heavily wounded.
The gnoll sergeant hits you with a +1 spear of venom.
You die...

....#..#.g
>..##...#
......#.# ###§v.#
#...F#####
#...##.)...# ....
#####.## #..
##..########### .
#..ggg@F.....).
#.######.######
#.# .#####
#.########...#
#.##...# #.8.#
#.##.<.###...####.
#.##..............
#.####........⌠...
#.# #............


You could see Prince Ribbit, a gnoll sergeant and 2 gnolls.

Vanquished Creatures
  Menkaure (D:4)
  A hound (D:4)
  2 orc priests (D:3)
  Ijyb (D:4)
  Crazy Yiuf (D:2)
  Jessica (D:3)
  An iguana (D:3)
  Robin (D:2)
  4 adders
  3 gnolls
  2 dart slugs
  4 orcs
  5 bats
  4 endoplasms
  A giant cockroach (D:3)
  19 goblins
  7 hobgoblins
  5 jackals
  A quokka (D:3)
  7 ball pythons
  A frilled lizard (D:1)
  4 kobolds
  3 rats
79 creatures vanquished.

Vanquished Creatures (others)
  23 foxfires
23 creatures vanquished.

Grand Total: 102 creatures vanquished

Notes
Turn   | Place    | Note
-------+----------+-------------------------------------------
     0 | D:1      | Cak3Hol3 the Draconian Cinder Acolyte began the quest for
                  | the Orb.
     0 | D:1      | Reached XP level 1. HP: 19/19 MP: 2/2
   153 | D:1      | Reached XP level 2. HP: 26/26 MP: 3/3
   236 | D:1      | Found Tuxkegim's Armour Shoppe.
   427 | D:1      | Reached XP level 3. HP: 33/33 MP: 4/4
   483 | D:1      | Found a faded altar of an unknown god.
   571 | D:2      | Noticed Robin
   588 | D:2      | Killed Robin
  1229 | D:2      | Reached skill level 4 in Axes
  1229 | D:2      | Reached XP level 4. HP: 37/40 MP: 5/5
  1326 | D:2      | Reached skill level 1 in Dodging
  1366 | D:2      | Found a runed translucent door.
  1367 | D:2      | Identified the +8 mace "Draconian's Doom" {venom, rF+
                  | Int+4}
  1367 | D:2      | Noticed Crazy Yiuf
  1374 | D:2      | Killed Crazy Yiuf
  1619 | D:3      | Noticed Jessica
  1630 | D:3      | Killed Jessica
  1779 | D:3      | Reached XP level 5. HP: 46/46 MP: 6/6
  1784 | D:3      | Learned a level 2 spell: Scorch
  1841 | D:3      | Found Elig's Weapon Emporium.
  2367 | D:3      | Reached skill level 5 in Axes
  2657 | D:4      | Noticed Menkaure
  2914 | D:4      | Killed Menkaure
  2915 | D:4      | Reached skill level 1 in Stealth
  2915 | D:4      | Reached XP level 6. HP: 48/53 MP: 7/7
  2959 | D:4      | Noticed Ijyb
  2985 | D:4      | Killed Ijyb
  3537 | D:5      | Entered Level 5 of the Dungeon
  3574 | D:5      | Found a staircase to the Ecumenical Temple.
  3594 | D:5      | Noticed Prince Ribbit
  3617 | D:5      | Slain by a gnoll sergeant

Illustrated notes

Levels and vault maps discovered:
D:1:      roderic_chinese_lattice_arrival, layout_basic,
          hellmonk_ecumenical_altar_inner_sanctum, serial_shops, shop,
          minivault_23
D:2:      layout_basic, minmay_pentomino_w2, uniq_crazy_yiuf_cottage, uniq_robin
D:3:      layout_basic, serial_shops, shop_coins, serial_bayou_pond_d,
          kennysheep_orc_chapel, uniq_jessica
D:4:      layout_basic, uniq_ijyb, uniq_menkaure
D:5:      layout_rooms, nicolae_ashenzari_panopticon, lightli_temple_of_fire,
          minmay_temple_entry_slanted, nicolae_elevator_lobby_asterisk,
          uniq_grinder, uniq_eustachio, uniq_prince_ribbit1

Skill      XL: |  1  2  3  4  5 |
---------------+----------------+-----
Axes           | 4 5 |  5.8
Dodging        | 1 2 |  2.5
Fighting       | 4 |  4.7
Stealth        | 1 |  1.5
Spellcasting   | |  1.0
Fire Magic     | |  3.4

Action                   |  1- 3 |  4- 6 || total
-------------------------+-------+-------++-------
Melee: Hand axe          |    91 |   150 ||   241
       Tailslap          |     9 |    17 ||    26
Invok: Fiery Armour      |     1 |     4 ||     5
       Foxfire Swarm     |     1 |     3 ||     4
       Rising Flame      |       |     1 ||     1
  Use: Potion            |       |     2 ||     2
 Stab: Sleeping          |       |     2 ||     2
Armor: Skin              |    40 |    55 ||    95
Dodge: Dodged            |    68 |    85 ||   153
